Map: Mech Depot LE

Players

Mamba

  • Race: Zerg Zerg
  • League: Master
  • Spawn Location: 1:00

Indy - Winner!

  • Race: Protoss Protoss
  • League: Master
  • Spawn Location: 7:00

VOD

Have the link to the VOD?

Description

Time

  • Played on: July 24, 2017, 4:30 p.m.
  • Length: 6:03
Show
View Real Time Build Order
Export as new Build Order

Mamba Zerg 

Build Orders: Hatch First 

Get SALT Encoding   

  12  0:01  Drone  
  13  0:13  Overlord  
  13  0:17  Drone  
  14  0:31  Drone  
  14  0:33  Drone  
  14  0:35  Drone  
  17  0:52  Hatchery  
  17  0:56  Drone  
  17  0:58  Drone  
  18  1:10  Extractor  
  17  1:12  Spawning Pool  
  17  1:15  Drone  
  17  1:19  Drone  
  18  1:28  Drone  
  19  1:39  Drone  
  20  1:48  Hatchery  
  20  1:52  Drone  
  20  2:01  Drone  
  20  2:05  Queen  
  23  2:09  Drone  
  23  2:15  Metabolic Boost  
  24  2:18  Drone  
  25  2:24  Overlord  
  25  2:27  Drone  
  25  2:29  Drone  
  27  2:34  Drone  
  28  2:42  Queen  
  30  2:46  Drone x2  
  32  2:52  Overlord  
  32  2:56  Overlord  
  32  2:59  Drone  
  32  3:01  Queen  
  35  3:11  Drone x4  
  39  3:19  Drone x4  
  43  3:27  Zergling x2  
  44  3:31  Overlord  
  44  3:32  Drone  
  45  3:34  Queen  
  45  3:40  Evolution Chamber  
  46  3:41  Drone  
  46  3:44  Overlord x2  
  46  3:46  Drone  
  46  3:47  Queen  
  50  3:53  Drone  
  50  3:54  Drone x4  
  55  3:57  Drone, Extractor  
  55  4:00  Drone  
  56  4:04  Drone  
  56  4:06  Baneling Nest  
  56  4:12  Queen  
  58  4:17  Drone x6  
  58  4:23  Drone  
  65  4:24  Drone x2  
  65  4:28  Queen  
  69  4:31  Zergling x2  
  69  4:32  Zergling x4  
  69  4:34  Zergling x2  
  73  4:40  Spore Crawler  
  73  4:41  Zergling x4, Spore Crawler  
  73  4:46  Zergling x2  
  73  4:49  Spore Crawler  
  72  4:53  Zergling x2  
  72  4:55  Overlord  
  72  4:57  Overlord  
  72  4:58  Overlord, Lair  
  73  5:00  Overlord  
  73  5:01  Overlord  
  73  5:03  Overlord  
  73  5:06  Overlord  
  73  5:07  Baneling x3  
  73  5:13  Overlord  
  73  5:19  Zergling x2  
  73  5:20  Zergling x12  
  76  5:22  Baneling x4  
  76  5:24  Zergling x6  
  76  5:27  Zergling x4  
  81  5:33  Zergling x6  
  80  5:39  Zergling x4  
Show
View Real Time Build Order
Export as new Build Order

Indy Protoss - Winner!

Build Orders: 1 Gate Expand 

Get SALT Encoding   

  12  0:00  Probe (Chrono Boost)  
  13  0:11  Probe (Chrono Boost)  
  14  0:22  Pylon, Probe (Chrono Boost)  
  15  0:41  Probe (Chrono Boost), Gateway  
  16  0:47  Assimilator  
  16  0:51  Probe (Chrono Boost)  
  17  1:02  Probe (Chrono Boost)  
  18  1:12  Probe (Chrono Boost)  
  19  1:26  Probe (Chrono Boost)  
  19  1:28  Nexus  
  20  1:37  Cybernetics Core  
  20  1:38  Probe (Chrono Boost)  
  21  1:46  Assimilator  
  21  1:49  Probe (Chrono Boost)  
  22  1:55  Pylon  
  22  2:00  Probe (Chrono Boost)  
  23  2:13  Probe (Chrono Boost)  
  23  2:15  Warp Gate  
  26  2:22  Stalker (Chrono Boost)  
  26  2:24  Probe  
  27  2:33  Robotics Facility  
  27  2:37  Probe  
  28  2:39  Probe  
  29  2:49  Probe (Chrono Boost)  
  29  2:50  Probe (Chrono Boost)  
  31  2:53  Adept (Chrono Boost)  
  33  3:00  Probe (Chrono Boost), Twilight Council  
  33  3:03  Probe (Chrono Boost)  
  35  3:12  Probe (Chrono Boost), Gateway  
  36  3:13  Probe (Chrono Boost)  
  37  3:22  Immortal (Chrono Boost)  
  41  3:36  Charge (Chrono Boost)  
  41  3:37  Gateway  
  41  3:43  Gateway  
  41  3:54  Warp Prism  
  41  3:55  Gateway  
  41  3:56  Gateway  
  43  4:04  Gateway  
  43  4:11  Pylon  
  43  4:13  Pylon  
  43  4:18  Pylon  
  43  4:25  Zealot  
  43  4:27  Pylon  
  43  4:30  Pylon  
  45  4:38  Zealot x3  
  51  5:02  Zealot x5  
  51  5:03  Zealot x2  
  65  5:28  Zealot x4  
  65  5:29  Zealot x3  
  75  5:49  Zealot x2  
  73  5:50  Zealot x5  
Tags
 
Add a new tag
Caveats
  • Supply blocks, unpowered buildings, or Contaminate may cause inaccurate times.
  • Supply counts are checked every 10 seconds.